 Dungeon Crawl Stone Soup version 0.31-a0-267-g3fc6992b3b (webtiles) character file.

Game seed: 1977813999343984647

533 AIAndy the Ruffian (level 7, -3/51 HPs)
             Began as a Demonspawn Shapeshifter on July 13, 2023.
             Killed by divine providence
             ... invoked by an orc priest
              (11 damage)
             ... on level 5 of the Dungeon.
             The game lasted 00:15:48 (3766 turns).

AIAndy the Ruffian (Demonspawn Shapeshifter)        Turns: 3766, Time: 00:15:48

Health: -3/51      AC:  2    Str: 17    XL:     7   Next: 4%
Magic:  0/7        EV: 16    Int:  9    God:
Gold:   134        SH:  0    Dex: 14    Spells: 6/6 levels left

rFire   . .          .
                       - Unarmed
rCold   . . .        i - orb {*Rage}
rNeg    . . .        a - +0 animal skin
rPois   +            (helmet currently unavailable)
rElec   .            (cloak currently unavailable)
rCorr   .            (gloves currently unavailable)
SInv    .            (boots currently unavailable)
Will    .....        G - amulet of guardian spirit
Stlth   +            P - ring of poison resistance
HPRegen 0.28/turn    (no ring)
MPRegen 0.10/turn

%: random rage (20%), repel missiles, guardian spirit
@: confused, beast-form, hasted, very quick
A: beast (slay +3), repulsion field 3, demonic guardian 1
a: Begin Untransformation


You were on level 5 of the Dungeon.
You were a hulking beast.
You visited 1 branch of the dungeon, and saw 5 of its levels.

You collected 158 gold pieces.
You spent 24 gold pieces at shops.


Innate Abilities, Weirdness & Mutations

You are a hulking beast.
Your limbs bulge with bestial killing power. (Slay +3)
You are surrounded by a strong repulsion field. (EV +4, RMsl)
A weak demonic guardian rushes to your aid.


   Skills:
 + Level 2.9 Fighting
 - Level 1.7 Dodging
 + Level 4.9 Unarmed Combat
 + Level 4.7 Shapeshifting


You had 6 spell levels left.
You didn't know any spells.
Your spell library contained the following spells:

 Spells                   Type           Power      Damage    Failure   Level
 Sandblast                Erth           0%         2d4       38%         1
 Summon Small Mammal      Summ           0%         N/A       38%         1
 Lesser Beckoning         Tloc           0%         N/A       52%         2
 Passwall                 Tmut/Erth      0%         N/A       52%         2
 Call Canine Familiar     Summ           0%         N/A       77%         3
 Frozen Ramparts          Ice            0%         1d1       77%         3
 Gell's Gravitas          Tloc           0%         N/A       77%         3
 Ozocubu's Armour         Ice            0%         N/A       77%         3
 Stone Arrow              Conj/Erth      0%         3d7       77%         3
 Summon Guardian Golem    Hex/Summ       0%         N/A       77%         3
 Teleport Other           Tloc           0%         N/A       77%         3
 Animate Armour           Summ/Erth      0%         N/A       99%         4
 Petrify                  Tmut/Erth      0%         N/A       99%         4
 Arcjolt                  Conj/Air       0%         1d10      100%        5
 Metabolic Englaciation   Hex/Ice        0%         N/A       100%        5
 Silence                  Hex/Air        0%         N/A       100%        5
 Ozocubu's Refrigeration  Ice            0%         4d7       100%        7
 Lehudib's Crystal Spear  Conj/Erth      0%         10d2      100%        8
 Maxwell's Capacitive Co  Air            0%         ∞         100%        8

Inventory:

Armour
 a - a +0 animal skin (worn)
 i - an orb of wrath (worn)
 j - an orb of light
 m - a +0 cloak
 n - a +0 helmet
 p - an orb of mayhem
Magical Staves
 g - a staff of earth
Jewellery
 G - an amulet of guardian spirit (around neck)
 P - a ring of poison resistance (left hand)
Talismans
 c - a beast talisman
Wands
 l - a wand of light (9)
 r - a wand of flame (5)
Scrolls
 e - a scroll of butterflies {unknown}
 f - a scroll of enchant weapon {unknown}
 o - a scroll of acquirement {unknown}
 q - a scroll of torment {unknown}
 s - a scroll of enchant armour {unknown}
 t - a scroll of fog {unknown}
 v - a scroll of revelation {unknown}
Potions
 b - 2 potions of lignification {!q}
 d - 4 potions of curing {@q1}
 h - a potion of mutation {!q}
 k - a potion of brilliance

Dungeon Overview and Level Annotations

Branches:
Dungeon (5/15)
 Temple: D:4-7

Altars:

Shops:
D:3

* ▓▓. ▓.. ▓.▓
▓.▓ ▓.▓ ▓.▓
▓▓▓▓▓▓▓▓.▓
▓..5h.oo.▓
▓.▓▓▓▓▓▓o▓
▓▓.▓▓
▓▓.▓o▓▓▓▓▓▓▓▓
▓.▓▓▓o.......
▓▓.▓.▒▒▒▒▒▒▒▒
▓▓.▓▒ ▓▓.▒
▓.▒


You could see an orc priest, 2 orcs and a friendly white imp (summoned).


Message History

An orc comes into view. It is wielding a +0 flail.
You hear some strange, mumbled words.
You are confused.
You barely miss something.
You're too confused to move!
Something barely misses you.
An orc priest comes into view. It is wielding a +0 dagger.
You bump into the metal wall.
The orc priest invokes the aid of Beogh against you.
Beogh smites you!
* * * LOW HITPOINT WARNING * * *
A demonic guardian appears!
You hear some strange, mumbled words.
Something tries to affect you, but you resist.
You hear a shout!
You miss your white imp.
You hear some strange, mumbled words.
You are more confused.
You closely miss your white imp.
You hear some strange, mumbled words.
Something tries to affect you, but you resist.
Unknown command.
You bump into the metal wall.
Unknown command.
You bump into the metal wall.
The orc priest looks encouraged for a moment.
You bump into the metal wall.
Something hits you but does no damage.
The orc priest invokes the aid of Beogh against you.
Beogh smites you!
You die...

Skill      XL: |  1  2  3  4  5 |
---------------+----------------+-----
Unarmed Combat | 2 3 4 |  4.9
Shapeshifting  | 3 4 |  4.7
Fighting       | |  2.9
Dodging        | |  1.7

Action                     |  1- 3 |  4- 6 |  7- 9 || total
---------------------------+-------+-------+-------++-------
  Melee: Unarmed           |   134 |   169 |     9 ||   312
         Punch             |     3 |       |       ||     3
    Use: Scroll            |       |     4 |       ||     4
         Potion            |       |     1 |       ||     1
   Stab: Sleeping          |     6 |     2 |       ||     8
 Armour: Animal skin       |    22 |    13 |     1 ||    36
  Dodge: Dodged            |    69 |   113 |     1 ||   183
         Repelled          |       |     1 |       ||     1

Levels and vault maps discovered:
D:1:      minmay_arrival_open_corners, layout_loops_ring,
          shapermc_ecumenical_altar_flowoftime
D:2:      layout_loops_cross, corner_web_ring
D:3:      layout_loops_corners, nicolae_elyvilon_peaceful_grove, serial_shops,
          nicolae_shop_real_fake_doors, uniq_jessica, uniq_ijyb, uniq_robin,
          uniq_natasha
D:4:      layout_gridville, chequers_serial_rivers_small_3, uniq_edmund
D:5:      kb_forest_paths, layout_loops_ring, mainiacjoe_overflow_paths,
          makhleb_altar_promises_db, minmay_temple_entry_oklob,
          kennysheep_pointless_box, uniq_blork_the_orc, uniq_menkaure

Notes
Turn   | Place    | Note
-------+----------+-------------------------------------------
     0 | D:1      | AIAndy the Demonspawn Shapeshifter began the quest for the
                  | Orb.
     0 | D:1      | Reached XP level 1. HP: 16/16 MP: 1/1
    35 | D:1      | Reached skill level 2 in Unarmed Combat
   105 | D:1      | Gained mutation: A weak demonic guardian rushes to your
                  | aid. [demonic ancestry]
   105 | D:1      | Reached XP level 2. HP: 13/22 MP: 2/2
   129 | D:1      | Reached skill level 3 in Shapeshifting
   511 | D:1      | Gained mutation: You are surrounded by a mild repulsion
                  | field. (EV +2) [demonic ancestry]
   511 | D:1      | Reached XP level 3. HP: 26/27 MP: 3/3
   553 | D:1      | Found a faded altar of an unknown god.
  1778 | D:3      | Noticed Jessica
  1781 | D:3      | Killed Jessica
  1782 | D:3      | Reached skill level 3 in Unarmed Combat
  1782 | D:3      | Gained mutation: You are surrounded by a moderate repulsion
                  | field. (EV +3) [demonic ancestry]
  1782 | D:3      | Reached XP level 4. HP: 31/33 MP: 2/4
  1945 | D:3      | Noticed Robin
  1969 | D:3      | Killed Robin
  2060 | D:3      | Found Giqeorr's General Store.
  2063 | D:3      | Bought a scroll of identify for 24 gold pieces
  2100 | D:3      | Noticed Ijyb
  2111 | D:3      | Killed Ijyb
  2112 | D:3      | Gained mutation: You are surrounded by a strong repulsion
                  | field. (EV +4, RMsl) [demonic ancestry]
  2112 | D:3      | Reached XP level 5. HP: 38/38 MP: 3/5
  2465 | D:3      | Got the Secrets of Thunder
  2760 | D:3      | Noticed Natasha
  2763 | D:3      | Killed Natasha
  2825 | D:3      | Noticed Natasha
  2836 | D:3      | Killed Natasha
  2837 | D:3      | Reached skill level 4 in Shapeshifting
  2964 | D:4      | Reached skill level 4 in Unarmed Combat
  3028 | D:4      | Noticed Edmund
  3045 | D:4      | Killed Edmund
  3046 | D:4      | Reached XP level 6. HP: 22/44 MP: 1/6
  3586 | D:5      | Entered Level 5 of the Dungeon
  3752 | D:5      | Reached XP level 7. HP: 18/51 MP: 2/7
  3766 | D:5      | Killed from afar by an orc priest

Vanquished Creatures
  Edmund (D:4)
  A bullfrog (D:5)
  A scorpion (D:5)
  A hound (D:4)
  Jessica (D:3)
  An iguana (D:5)
  Ijyb (D:3)
  Natasha (twice) (D:3)
  Robin (D:3)
  An adder (D:4)
  A worm (D:3)
  5 dart slugs
  2 bats (D:1)
  10 endoplasms
  4 giant cockroaches
  12 goblins
  11 hobgoblins
  10 jackals
  7 kobolds
  2 quokkas
  8 ball pythons
  4 frilled lizards
  6 rats
93 creatures vanquished.

Vanquished Creatures (collateral kills)
  A goblin (D:1)
  A hobgoblin (D:1)
2 creatures vanquished.

Vanquished Creatures (others)
  A butterfly (D:3)
1 creature vanquished.

Grand Total: 96 creatures vanquished

Table legend: (Time is in decaauts)
 A = Elapsed time spent in this place.
 B = Non-inter-level travel time spent in this place.
 C = Inter-level travel time spent in this place.
 D = Time resting spent in this place.
 E = Time spent auto-exploring this place.
 F = Levels seen in this place.
 G = Mean time per level.
                   A        B        C        D        E       F      G
               +--------+--------+--------+--------+--------+-----+--------+
         Total |   3912 |   3677 |    235 |     41 |   2888 |   5 |  782.4 |
       Dungeon |   3912 |   3677 |    235 |     41 |   2888 |   5 |  782.4 |
               +--------+--------+--------+--------+--------+-----+--------+

Top non-repeatable levels by time:
     D:3: 1215 daAuts
     D:1: 1020 daAuts
     D:4: 760 daAuts
     D:2: 748 daAuts
     D:5: 167 daAuts

Table legend:
 A = Non-vault XP
 B = Vault XP
 C = Vault XP percentage of total XP
 D = Non-vault monster count
 E = Vault monster count
 F = Vault count percentage of total count
                 A         B        C        D         E       F
            +---------+---------+-------+---------+---------+-------
      Total |     445 |     317 |  41.6 |      79 |      16 |  16.8
            +---------+---------+-------+---------+---------+-------
        D:1 |      56 |       0 |   0.0 |      28 |       0 |   0.0
        D:2 |      23 |       0 |   0.0 |      14 |       0 |   0.0
        D:3 |      65 |     141 |  68.4 |      16 |      15 |  48.4
        D:4 |      88 |     176 |  66.7 |      18 |       1 |   5.3
        D:5 |     213 |       0 |   0.0 |       3 |       0 |   0.0
            +---------+---------+-------+---------+---------+-------
